 Dungeon Crawl Stone Soup version 0.20.0-10-g0535bb4 (webtiles) character file.

23 MDvedh the Slasher (level 2, 0/22 HPs)
             Began as a Vampire Skald on June 5, 2017.
             Succumbed to an adder's poison
             ... on level 2 of the Dungeon.
             The game lasted 00:01:36 (838 turns).

MDvedh the Slasher (Vampire Skald)                   Turns: 838, Time: 00:01:36

Health: 0/22       AC:  5    Str:  8 (10) XL:     2   Next: 72%
Magic:  5/5        EV: 10    Int: 11 (13) God:
Gold:   67         SH:  0    Dex: 11 (13) Spells: 2/5 levels left

rFire    . . .     SeeInvis +   a - +0 falchion
rCold    . . .     Gourm    .   (no shield)
rNeg     + . .     Faith    .   g - +0 ring mail
rPois    .         Spirit   .   (no helmet)
rElec    .         Reflect  .   (no cloak)
rCorr    .         Harm     .   (no gloves)
MR       .....                  (no boots)
Stlth    +.........             (no amulet)
Regen    0.1/turn               (no ring)
MPRegen  0.1/turn               (no ring)

@: lethally poisoned (0 -> -11)
A: fangs 3, see invisible, dopey 1, wild magic 1, unbreathing
a: no special abilities


You were on level 2 of the Dungeon.
You were not thirsty.

You visited 1 branch of the dungeon, and saw 2 of its levels.

You collected 67 gold pieces.

Inventory:

Hand Weapons
 a - a +0 falchion (weapon)
Armour
 b - a +0 leather armour
 g - a +0 ring mail (worn)
Scrolls
 e - a scroll of amnesia {unknown}
 f - a scroll of blinking {unknown}
 h - a scroll of recharging {unknown}
 i - 3 scrolls of random uselessness {unknown}
 l - 2 scrolls of enchant armour {unknown}
 m - 2 scrolls of identify {unknown}
 n - a scroll of immolation {unknown}
 o - a scroll of remove curse {unknown}
Potions
 d - a potion of blood
 k - a potion of degeneration
Books
 c - a book of Battle

   Spells                             Type                      Level
   a - Infusion                       Charms                       1
   b - Shroud of Golubria             Charms/Translocation         2
   c - Song of Slaying                Charms                       2
   d - Spectral Weapon                Hexes/Charms                 3
   e - Regeneration                   Charms/Necromancy            3


   Skills:
 - Level 1.7 Fighting
 * Level 3.3 Long Blades
 - Level 0.7 Armour
 - Level 2.1 Dodging
 - Level 2.0 Spellcasting
 - Level 3.2 Charms


You had 2 spell levels left.
You knew the following spells:

 Your Spells              Type           Power        Failure   Level  Hunger
a - Infusion              Chrm           ##..         32%         1    ##.....
b - Song of Slaying       Chrm           ##......     43%         2    ###....


Dungeon Overview and Level Annotations

Branches:
Dungeon (2/15)

Altars:


Innate Abilities, Weirdness & Mutations

You have razor-sharp teeth.
You have supernaturally acute eyesight. (SInv)
You can survive without breathing.
You are dopey. (Int -2)
Your spells are a little harder to cast, but a little more powerful.


Message History

You closely miss the adder.
* * * LOW HITPOINT WARNING * * *
You feel sick. The adder closely misses you.
You riposte.
You closely miss the adder. The adder closely misses you.
You hit the adder but do no damage.
* * * LOW HITPOINT WARNING * * *
You feel sick. The adder closely misses you.
You miss the adder.
* * * LOW HITPOINT WARNING * * *
You feel sick. The adder bites you.
* * * LOW HITPOINT WARNING * * *
The adder barely misses you.
You hit the adder.
The adder is heavily wounded.
* * * LOW HITPOINT WARNING * * *
You feel sick. The adder bites you but does no damage.
Unknown command.
You barely miss the adder. Your bite misses the adder.
The adder is heavily wounded.
You die...

... #.# #.# #.#
##+###.#
#...##.########
#.>.'..........
#...##.###.....
#..@##.# #.####
#.S.##.# #.#
#...##.# #.#
#...##.# #.#
#...##.# #.#
#...##.# #.#
#...##.# #(#
######.###.######
#####...........#


You could see an adder.

Vanquished Creatures
  2 dart slugs
  2 giant cockroaches (D:1)
  2 goblins (D:1)
  2 hobgoblins (D:1)
  2 kobolds (D:1)
  6 bats
  A rat (D:1)
17 creatures vanquished.

Notes
Turn   | Place    | Note
-------+----------+-------------------------------------------
     0 | D:1      | MDvedh the Vampire Skald began the quest for the Orb.
     0 | D:1      | Reached XP level 1. HP: 16/16 MP: 3/3
   245 | D:1      | Reached XP level 2. HP: 19/22 MP: 5/5
   680 | D:1      | Learned a level 2 spell: Song of Slaying
   833 | D:2      | Gained mutation: You are dopey. (Int -2) [potion of mutation]
   833 | D:2      | Gained mutation: Your spells are a little harder to cast, but a little more powerful. [potion of mutation]
   837 | D:2      | HP: 1/22 [poisoned by an adder]
   838 | D:2      | Succumbed to an adder's poison

Skill      XL: |  1  2 |
---------------+-------+-----
Long Blades    | 3 |  3.3
Fighting       | |  1.7
Armour         | |  0.7
Dodging        | |  2.1
Spellcasting   | |  2.0
Charms         | |  3.2

Action                   || total
-------------------------++-------
Melee: Falchion          ||    63
       Bite              ||     2
  Use: Potion            ||     2
Armor: Ring mail         ||    32
       Leather armour    ||     3
Dodge: Dodged            ||    49
       Rpst.: Falchion   ||    20
